Connexion

ANAHEIM Ducks vs WINNIPEG Jets

Created - 22 février 2024 at 05:58

Goals
1 2 3 T
ANAHEIM Ducks 1 3 1 5
WINNIPEG Jets 1 2 0 3
Shots
1 2 3 T
ANAHEIM Ducks 13 11 9 33
WINNIPEG Jets 6 9 9 24

GoalsPenalties
1st period
1. WINNIPEG Jets , Eeli Tolvanen 4 (Colton White 19, Anthony Cirelli 15) at 1:40
2. ANAHEIM Ducks , Elias Lindholm 20 (David Savard 39, Caleb Jones 25) at 18:05 (PP)
Evgeny Svechnikov (WPG) for Holding (Minor) at 8:14
David Savard (ANA) for Holding (Minor) at 12:55
Eeli Tolvanen (WPG) for Holding (Minor) at 17:35
2nd period
3. ANAHEIM Ducks , Caleb Jones 9 (Andrew Mangiapane 44, Kiefer Sherwood 19) at 2:10 (PP)
4. WINNIPEG Jets , Andreas Athanasiou 27 (Nick Leddy 46, Dawson Mercer 38) at 3:48 (PP)
5. ANAHEIM Ducks , Anthony Beauvillier 18 (Dylan Demelo 18, Dakota Joshua 12) at 7:52
6. ANAHEIM Ducks , Gemel Smith 18 (Evan Rodrigues 33, Alexis Lafreniere 34) at 10:49
7. WINNIPEG Jets , Evgeny Svechnikov 13 (Nick Leddy 47, Ethan Bear 37) at 11:38
Nikita Zadorov (WPG) for Roughing (Minor) at 1:11
David Savard (ANA) for Hooking (Minor) at 3:01
Justin Holl (ANA) for Roughing (Minor) at 8:05
3rd period
8. ANAHEIM Ducks , Andrew Mangiapane 22 (David Savard 40) at 2:08
Sam Bennett (WPG) for Delaying the game (Minor) at 8:24
Kiefer Sherwood (ANA) for High sticking (Minor) at 11:36
David Savard (ANA) for Tripping (Minor) at 15:25
Goalie Stats
Robin Lehner (ANA), 21 saves from 24 shots - (0,875), W, 20-16-5, 60:00 minutes
Ukko-Pekka Luukkonen (WPG), 28 saves from 33 shots - (0,848), L, 27-19-5, 60:00 minutes
3 StarsOfficial
1 - Caleb Jones (ANA)
2 - Andrew Mangiapane (ANA)
3 - Anthony Beauvillier (ANA)
Referees : Steve Kozari and Kelly Sutherland
Linesman : Scott Driscoll and Mark Wheler
Game Note
No Game Note
Finance
Level 1 -- Attendance: 5724 (95,40%) -- Ticket Income $744,120
Level 2 -- Attendance: 5077 (91,56%) -- Ticket Income $426,468
Level 3 -- Attendance: 1393 (69,65%) -- Ticket Income $87,759
Level 4 -- Attendance: 2307 (57,68%) -- Ticket Income $108,429
Luxury Box -- Attendance: 903 (90,30%) -- Ticket Income $234,780
Game was played at the MTS center.
Total Attendance: 15404 (83,06%)
Total Ticket Income: $1,601,556
Other Income: $320,311
Total Income: $1,921,867



Team Name Goals Shots Shots Attemp Shots Blocked PIM HIT PP PK FO%
ANAHEIM Ducks 53367510242 / 4 (50%)153%
WINNIPEG Jets 3245698211 / 5 (20%)247%

ANAHEIM Ducks
Player Name POS G A P +/- PIM HIT SHT SB MP PP MP PP SHT PK MP PK SHT FO% FOT
Alexis LafreniereLW0110012015:262:3610:0000% 1
Andrew MangiapaneLW1120005117:532:2120:000100% 1
Anthony BeauvillierC/LW1011002018:383:0605:19056% 9
Caleb JonesD1121012123:593:2214:3200% 0
Calvin ThurkaufC/LW000000207:210:0000:060100% 1
Dakota JoshuaC0111000011:321:0100:18050% 12
David SavardD0221641121:303:2212:0600% 0
Dylan DemeloD0111031016:110:0003:0300% 0
Elias LindholmC/RW1010003018:072:3520:00055% 22
Evan RodriguesC/LW/RW0110021015:112:2100:00055% 22
Fabian ZetterlundC/LW/RW0001022010:130:0000:000100% 1
Gemel SmithC/LW/RW1010014118:140:0005:24036% 14
Gustav ForslingD000-1014022:532:0524:1100% 0
Jake EvansC/RW0000001010:560:0003:41055% 11
Jordan OesterleD0001020113:320:0000:2400% 0
Justin HollD000-1220021:512:0503:1000% 0
Kiefer SherwoodC/LW/RW0110242020:302:2112:380100% 1
Mathias LaferriereRW000001107:150:0000:0000% 0
WINNIPEG Jets
Player Name POS G A P +/- PIM HIT SHT SB MP PP MP PP SHT PK MP PK SHT FO% FOT
Alexei ToropchenkoRW000-100109:250:0000:000100% 1
Andreas AthanasiouC/LW/RW1010012019:504:4310:0000% 1
Anthony CirelliC011-101109:250:0000:00050% 10
Colton WhiteD011-1010314:460:0000:0000% 0
Dawson MercerC0110022020:384:4310:48044% 25
Dmitrij JaskinLW/RW000-1012024:504:0004:19033% 12
Eeli TolvanenLW/RW101-121209:240:0000:0000% 2
Ethan BearD0110022026:224:5413:1600% 0
Evgeny SvechnikovRW101121109:294:4300:0000% 0
Jonas SiegenthalerD000-1030315:270:0000:4100% 0
Kevin HayesC/LW/RW000-1012022:174:0011:4610% 0
Logan BrownC000101104:470:0000:00067% 9
Mattias JanmarkC/LW/RW000100106:080:0001:2110% 1
Nick LeddyD0220001126:224:5413:1600% 0
Nick PerbixD0000002118:523:4912:1100% 0
Nikita ZadorovD0000222018:103:4911:3000% 0
Noah CatesLW0000012015:070:0000:00067% 3
Sam BennettC/LW000-1230123:104:0002:40052% 31



Play-by-Play

1st period


0:01 of 1st period - Sam Bennett wins face-off versus Elias Lindholm in neutral zone.
0:20 of 1st period - Shot by Dmitrij Jaskin.
0:20 of 1st period - Shot Blocked by Andrew Mangiapane.
0:27 of 1st period - Off-side.
0:28 of 1st period - Evan Rodrigues wins face-off versus Noah Cates in neutral zone.
1:11 of 1st period - Dawson Mercer is hit by Justin Holl and loses puck.
1:23 of 1st period - Gustav Forsling is hit by Jonas Siegenthaler and loses puck.
1:32 of 1st period - Shot by Alexei Toropchenko.
1:32 of 1st period - Shot Misses the Net.
1:34 of 1st period - Shot by Anthony Cirelli.
1:34 of 1st period - Shot Blocked by Gemel Smith.
1:40 of 1st period - Shot by Eeli Tolvanen.
1:40 of 1st period - Goal by Eeli Tolvanen - ANAHEIM Ducks : 0 - WINNIPEG Jets : 1.
1:41 of 1st period - Dakota Joshua wins face-off versus Sam Bennett in neutral zone.
1:46 of 1st period - Shot by Anthony Beauvillier.
1:46 of 1st period - Shot Misses the Net.
1:48 of 1st period - Shot by Fabian Zetterlund.
1:48 of 1st period - Shot Misses the Net.
1:50 of 1st period - Shot by Dakota Joshua.
1:50 of 1st period - Shot Misses the Net.
1:52 of 1st period - Shot by Anthony Beauvillier.
1:52 of 1st period - Deflect By Dakota Joshua.
1:52 of 1st period - Shot Misses the Net.
1:54 of 1st period - Shot by Jordan Oesterle.
1:54 of 1st period - Shot Blocked by Nick Leddy.
2:37 of 1st period - Icing by Dylan Demelo.
2:38 of 1st period - Logan Brown wins face-off versus Dakota Joshua in ANAHEIM Ducks zone.
2:49 of 1st period - Shot by Colton White.
2:49 of 1st period - Shot Misses the Net.
2:51 of 1st period - Shot by Jonas Siegenthaler.
2:51 of 1st period - Shot Misses the Net.
2:56 of 1st period - Icing by Dylan Demelo.
2:57 of 1st period - Anthony Cirelli wins face-off versus Dakota Joshua in ANAHEIM Ducks zone.
3:10 of 1st period - Fabian Zetterlund is hit by Anthony Cirelli and loses puck.
3:35 of 1st period - Shot by Caleb Jones.
3:35 of 1st period - Stopped by Ukko-Pekka Luukkonen without a rebound.
3:36 of 1st period - Dawson Mercer wins face-off versus Jake Evans in WINNIPEG Jets zone.
3:45 of 1st period - Nick Leddy is hit by David Savard and loses puck.
4:27 of 1st period - Icing by Mathias Laferriere.
4:28 of 1st period - Jake Evans wins face-off versus Sam Bennett in ANAHEIM Ducks zone.
4:32 of 1st period - David Savard is hit by Jonas Siegenthaler and loses puck.
4:55 of 1st period - Shot by Dmitrij Jaskin.
4:55 of 1st period - Stopped by Robin Lehner with a rebound.
5:09 of 1st period - Shot by Kevin Hayes.
5:09 of 1st period - Shot Misses the Net.
5:29 of 1st period - Shot by Nick Perbix.
5:29 of 1st period - Stopped by Robin Lehner without a rebound.
5:30 of 1st period - Alexei Toropchenko wins face-off versus Evan Rodrigues in ANAHEIM Ducks zone.
5:34 of 1st period - Icing by Dylan Demelo.
5:35 of 1st period - Dawson Mercer wins face-off versus Evan Rodrigues in ANAHEIM Ducks zone.
6:00 of 1st period - Icing by Dawson Mercer.
6:01 of 1st period - Jake Evans wins face-off versus Dawson Mercer in WINNIPEG Jets zone.
6:57 of 1st period - Gustav Forsling is hit by Kevin Hayes and loses puck.
7:16 of 1st period - Kiefer Sherwood is hit by Sam Bennett and loses puck.
8:14 of 1st period - Minor Penalty to Evgeny Svechnikov for Holding.
8:15 of 1st period - Dmitrij Jaskin wins face-off versus Anthony Beauvillier in WINNIPEG Jets zone.
8:45 of 1st period - Off-side.
8:46 of 1st period - Evan Rodrigues wins face-off versus Dmitrij Jaskin in neutral zone.
8:53 of 1st period - Shot by Andrew Mangiapane.
8:53 of 1st period - Stopped by Ukko-Pekka Luukkonen with a rebound.
8:55 of 1st period - Shot by David Savard.
8:55 of 1st period - Shot Misses the Net.
8:57 of 1st period - Shot by Caleb Jones.
8:57 of 1st period - Shot Blocked by Sam Bennett.
8:59 of 1st period - Shot by Evan Rodrigues.
8:59 of 1st period - Shot Misses the Net.
9:01 of 1st period - Shot by David Savard.
9:01 of 1st period - Stopped by Ukko-Pekka Luukkonen without a rebound.
9:02 of 1st period - Dawson Mercer wins face-off versus Anthony Beauvillier in WINNIPEG Jets zone.
9:11 of 1st period - Shot by Alexis Lafreniere.
9:11 of 1st period - Shot Misses the Net.
9:32 of 1st period - Shot by Gustav Forsling.
9:32 of 1st period - Stopped by Ukko-Pekka Luukkonen without a rebound.
9:33 of 1st period - Evan Rodrigues wins face-off versus Dmitrij Jaskin in WINNIPEG Jets zone.
9:36 of 1st period - Shot by Kiefer Sherwood.
9:36 of 1st period - Stopped by Ukko-Pekka Luukkonen with a rebound.
9:38 of 1st period - Shot by Caleb Jones.
9:38 of 1st period - Shot Misses the Net.
10:05 of 1st period - Shot by Andrew Mangiapane.
10:05 of 1st period - Stopped by Ukko-Pekka Luukkonen without a rebound.
10:06 of 1st period - Anthony Beauvillier wins face-off versus Dawson Mercer in WINNIPEG Jets zone.
10:06 of 1st period - Anthony Beauvillier is hit by Nikita Zadorov.
10:26 of 1st period - Shot by Logan Brown.
10:26 of 1st period - Shot Misses the Net.
10:36 of 1st period - Shot by Logan Brown.
10:36 of 1st period - Shot Misses the Net.
10:38 of 1st period - Shot by Logan Brown.
10:38 of 1st period - Stopped by Robin Lehner without a rebound.
10:39 of 1st period - Evan Rodrigues wins face-off versus Dawson Mercer in ANAHEIM Ducks zone.
10:39 of 1st period - Evan Rodrigues is hit by Andreas Athanasiou.
10:46 of 1st period - Dawson Mercer is hit by David Savard and loses puck.
11:20 of 1st period - Off-side.
11:21 of 1st period - Anthony Cirelli wins face-off versus Dakota Joshua in neutral zone.
11:43 of 1st period - Icing by Justin Holl.
11:44 of 1st period - Sam Bennett wins face-off versus Dakota Joshua in ANAHEIM Ducks zone.
12:07 of 1st period - Shot by Fabian Zetterlund.
12:07 of 1st period - Shot Misses the Net.
12:26 of 1st period - Dmitrij Jaskin is hit by Caleb Jones and loses puck.
12:37 of 1st period - Kiefer Sherwood is hit by Dawson Mercer and loses puck.
12:48 of 1st period - Shot by Andreas Athanasiou.
12:48 of 1st period - Shot Misses the Net.
12:52 of 1st period - Shot by Andreas Athanasiou.
12:52 of 1st period - Shot Misses the Net.
12:55 of 1st period - Minor Penalty to David Savard for Holding.
12:56 of 1st period - Dawson Mercer wins face-off versus Gemel Smith in ANAHEIM Ducks zone.
13:21 of 1st period - Shot by Andreas Athanasiou.
13:21 of 1st period - Shot Misses the Net.
13:23 of 1st period - Shot by Evgeny Svechnikov.
13:23 of 1st period - Shot Misses the Net.
13:25 of 1st period - Shot by Nick Perbix.
13:25 of 1st period - Stopped by Robin Lehner without a rebound.
13:26 of 1st period - Jake Evans wins face-off versus Sam Bennett in ANAHEIM Ducks zone.
13:52 of 1st period - Icing by Kevin Hayes.
13:53 of 1st period - Gemel Smith wins face-off versus Sam Bennett in WINNIPEG Jets zone.
14:07 of 1st period - Off-side.
14:08 of 1st period - Gemel Smith wins face-off versus Dawson Mercer in neutral zone.
14:39 of 1st period - Shot by Evgeny Svechnikov.
14:39 of 1st period - Deflect By Andreas Athanasiou.
14:39 of 1st period - Shot Misses the Net.
15:04 of 1st period - Icing by David Savard.
15:05 of 1st period - Sam Bennett wins face-off versus Evan Rodrigues in ANAHEIM Ducks zone.
15:05 of 1st period - Kevin Hayes is hit by David Savard.
15:25 of 1st period - Shot by Alexis Lafreniere.
15:25 of 1st period - Stopped by Ukko-Pekka Luukkonen without a rebound.
15:26 of 1st period - Anthony Beauvillier wins face-off versus Anthony Cirelli in WINNIPEG Jets zone.
15:37 of 1st period - Shot by Anthony Cirelli.
15:37 of 1st period - Stopped by Robin Lehner without a rebound.
15:38 of 1st period - Elias Lindholm wins face-off versus Sam Bennett in ANAHEIM Ducks zone.
15:56 of 1st period - Shot by Elias Lindholm.
15:56 of 1st period - Stopped by Ukko-Pekka Luukkonen without a rebound.
15:57 of 1st period - Dawson Mercer wins face-off versus Alexis Lafreniere in WINNIPEG Jets zone.
16:18 of 1st period - Shot by Evan Rodrigues.
16:18 of 1st period - Shot Misses the Net.
16:50 of 1st period - Alexis Lafreniere is hit by Sam Bennett and loses puck.
17:08 of 1st period - Icing by Justin Holl.
17:09 of 1st period - Evan Rodrigues wins face-off versus Anthony Cirelli in ANAHEIM Ducks zone.
17:32 of 1st period - Shot by Eeli Tolvanen.
17:32 of 1st period - Shot Misses the Net.
17:35 of 1st period - Minor Penalty to Eeli Tolvanen for Holding.
17:36 of 1st period - Anthony Beauvillier wins face-off versus Dmitrij Jaskin in WINNIPEG Jets zone.
17:44 of 1st period - Shot by Elias Lindholm.
17:44 of 1st period - Stopped by Ukko-Pekka Luukkonen with a rebound.
17:59 of 1st period - Shot by David Savard.
17:59 of 1st period - Shot Misses the Net.
18:03 of 1st period - Shot by David Savard.
18:03 of 1st period - Shot Misses the Net.
18:05 of 1st period - Shot by Elias Lindholm.
18:05 of 1st period - Goal by Elias Lindholm - ANAHEIM Ducks : 1 - WINNIPEG Jets : 1.
18:06 of 1st period - Jake Evans wins face-off versus Dawson Mercer in neutral zone.
18:09 of 1st period - Shot by Calvin Thurkauf.
18:09 of 1st period - Shot Hit the Post.
18:18 of 1st period - Noah Cates is hit by Jordan Oesterle and loses puck.
18:43 of 1st period - Shot by Dylan Demelo.
18:43 of 1st period - Stopped by Ukko-Pekka Luukkonen without a rebound.
18:44 of 1st period - Dakota Joshua wins face-off versus Dmitrij Jaskin in WINNIPEG Jets zone.
18:44 of 1st period - Anthony Beauvillier is hit by Ethan Bear and loses puck.
19:05 of 1st period - Shot by Anthony Beauvillier.
19:05 of 1st period - Shot Misses the Net.
19:13 of 1st period - Shot by Anthony Beauvillier.
19:13 of 1st period - Stopped by Ukko-Pekka Luukkonen without a rebound.
19:14 of 1st period - Elias Lindholm wins face-off versus Logan Brown in WINNIPEG Jets zone.
19:17 of 1st period - Shot by Andrew Mangiapane.
19:17 of 1st period - Shot Blocked by Colton White.
19:19 of 1st period - Shot by Gustav Forsling.
19:19 of 1st period - Stopped by Ukko-Pekka Luukkonen without a rebound.
19:20 of 1st period - Logan Brown wins face-off versus Elias Lindholm in WINNIPEG Jets zone.
19:42 of 1st period - Icing by Jordan Oesterle.
19:43 of 1st period - Elias Lindholm wins face-off versus Sam Bennett in ANAHEIM Ducks zone.
19:45 of 1st period - Icing by Andrew Mangiapane.
19:46 of 1st period - Elias Lindholm wins face-off versus Sam Bennett in ANAHEIM Ducks zone.
Goals for this period are 1 for ANAHEIM Ducks vs 1 for WINNIPEG Jets.
Shots for this period are 13 for ANAHEIM Ducks vs 6 for WINNIPEG Jets.

2nd period


0:01 of 2nd period - Elias Lindholm wins face-off versus Dmitrij Jaskin in neutral zone.
0:04 of 2nd period - Shot by Elias Lindholm.
0:04 of 2nd period - Shot Misses the Net.
0:06 of 2nd period - Shot by Kiefer Sherwood.
0:06 of 2nd period - Shot Misses the Net.
1:07 of 2nd period - Shot by Gemel Smith.
1:07 of 2nd period - Stopped by Ukko-Pekka Luukkonen with a rebound.
1:10 of 2nd period - Alexis Lafreniere is hit by Nikita Zadorov and loses puck.
1:11 of 2nd period - Minor Penalty to Nikita Zadorov for Roughing.
1:12 of 2nd period - Anthony Beauvillier wins face-off versus Dmitrij Jaskin in WINNIPEG Jets zone.
1:12 of 2nd period - Anthony Beauvillier is hit by Jonas Siegenthaler.
2:10 of 2nd period - Shot by Caleb Jones.
2:10 of 2nd period - Goal by Caleb Jones - ANAHEIM Ducks : 2 - WINNIPEG Jets : 1.
2:11 of 2nd period - Jake Evans wins face-off versus Eeli Tolvanen in neutral zone.
2:28 of 2nd period - Shot by Jake Evans.
2:28 of 2nd period - Shot Blocked by Jonas Siegenthaler.
2:30 of 2nd period - Shot by Calvin Thurkauf.
2:30 of 2nd period - Stopped by Ukko-Pekka Luukkonen without a rebound.
2:31 of 2nd period - Dakota Joshua wins face-off versus Dawson Mercer in WINNIPEG Jets zone.
2:32 of 2nd period - Shot by Anthony Beauvillier.
2:32 of 2nd period - Shot Misses the Net.
2:48 of 2nd period - Ethan Bear is hit by Fabian Zetterlund and loses puck.
3:01 of 2nd period - Minor Penalty to David Savard for Hooking.
3:02 of 2nd period - Sam Bennett wins face-off versus Gemel Smith in ANAHEIM Ducks zone.
3:05 of 2nd period - Shot by Kevin Hayes.
3:05 of 2nd period - Stopped by Robin Lehner without a rebound.
3:06 of 2nd period - Sam Bennett wins face-off versus Gemel Smith in ANAHEIM Ducks zone.
3:18 of 2nd period - Off-side.
3:19 of 2nd period - Dawson Mercer wins face-off versus Gemel Smith in neutral zone.
3:48 of 2nd period - Shot by Andreas Athanasiou.
3:48 of 2nd period - Goal by Andreas Athanasiou - ANAHEIM Ducks : 2 - WINNIPEG Jets : 2.
3:49 of 2nd period - Elias Lindholm wins face-off versus Sam Bennett in neutral zone.
3:52 of 2nd period - Shot by Kiefer Sherwood.
3:52 of 2nd period - Stopped by Ukko-Pekka Luukkonen without a rebound.
3:53 of 2nd period - Sam Bennett wins face-off versus Elias Lindholm in WINNIPEG Jets zone.
4:19 of 2nd period - Shot by Elias Lindholm.
4:19 of 2nd period - Shot Misses the Net.
5:01 of 2nd period - Shot by Evan Rodrigues.
5:01 of 2nd period - Stopped by Ukko-Pekka Luukkonen without a rebound.
5:02 of 2nd period - Dakota Joshua wins face-off versus Anthony Cirelli in WINNIPEG Jets zone.
5:14 of 2nd period - Shot by Anthony Beauvillier.
5:14 of 2nd period - Shot Misses the Net.
5:21 of 2nd period - Anthony Cirelli is hit by Dylan Demelo and loses puck.
5:25 of 2nd period - Anthony Cirelli is hit by Dylan Demelo and loses puck.
5:28 of 2nd period - Shot by Alexei Toropchenko.
5:28 of 2nd period - Stopped by Robin Lehner with a rebound.
5:30 of 2nd period - Shot by Ethan Bear.
5:30 of 2nd period - Stopped by Robin Lehner without a rebound.
5:31 of 2nd period - Dawson Mercer wins face-off versus Evan Rodrigues in ANAHEIM Ducks zone.
5:41 of 2nd period - Andreas Athanasiou is hit by David Savard and loses puck.
5:44 of 2nd period - Shot by Colton White.
5:44 of 2nd period - Shot Blocked by David Savard.
5:48 of 2nd period - Shot by Andreas Athanasiou.
5:48 of 2nd period - Shot Misses the Net.
5:50 of 2nd period - Shot by Noah Cates.
5:50 of 2nd period - Stopped by Robin Lehner without a rebound.
5:51 of 2nd period - Sam Bennett wins face-off versus Elias Lindholm in ANAHEIM Ducks zone.
6:19 of 2nd period - Icing by Nick Leddy.
6:20 of 2nd period - Evan Rodrigues wins face-off versus Sam Bennett in WINNIPEG Jets zone.
7:23 of 2nd period - Shot by Elias Lindholm.
7:23 of 2nd period - Shot Misses the Net.
7:25 of 2nd period - Shot by Gustav Forsling.
7:25 of 2nd period - Stopped by Ukko-Pekka Luukkonen without a rebound.
7:26 of 2nd period - Fabian Zetterlund wins face-off versus Anthony Cirelli in WINNIPEG Jets zone.
7:52 of 2nd period - Shot by Anthony Beauvillier.
7:52 of 2nd period - Goal by Anthony Beauvillier - ANAHEIM Ducks : 3 - WINNIPEG Jets : 2.
7:53 of 2nd period - Kiefer Sherwood wins face-off versus Andreas Athanasiou in neutral zone.
8:05 of 2nd period - Minor Penalty to Justin Holl for Roughing.
8:06 of 2nd period - Sam Bennett wins face-off versus Gemel Smith in ANAHEIM Ducks zone.
8:15 of 2nd period - Shot by Dmitrij Jaskin.
8:15 of 2nd period - Shot Hit the Post.
8:17 of 2nd period - Shot by Nick Leddy.
8:17 of 2nd period - Stopped by Robin Lehner without a rebound.
8:18 of 2nd period - Dawson Mercer wins face-off versus Gemel Smith in ANAHEIM Ducks zone.
9:16 of 2nd period - Ethan Bear is hit by Gemel Smith and loses puck.
9:54 of 2nd period - Jake Evans is hit by Sam Bennett and loses puck.
10:31 of 2nd period - Shot by Dakota Joshua.
10:31 of 2nd period - Shot Blocked by Jonas Siegenthaler.
10:47 of 2nd period - Shot by Evan Rodrigues.
10:47 of 2nd period - Shot Misses the Net.
10:49 of 2nd period - Shot by Gemel Smith.
10:49 of 2nd period - Goal by Gemel Smith - ANAHEIM Ducks : 4 - WINNIPEG Jets : 2.
10:50 of 2nd period - Sam Bennett wins face-off versus Jake Evans in neutral zone.
11:03 of 2nd period - Shot by Calvin Thurkauf.
11:03 of 2nd period - Deflect By Mathias Laferriere.
11:03 of 2nd period - Stopped by Ukko-Pekka Luukkonen without a rebound.
11:04 of 2nd period - Logan Brown wins face-off versus Elias Lindholm in WINNIPEG Jets zone.
11:04 of 2nd period - Logan Brown is hit by Kiefer Sherwood.
11:36 of 2nd period - Shot by Evgeny Svechnikov.
11:36 of 2nd period - Shot Misses the Net.
11:38 of 2nd period - Shot by Evgeny Svechnikov.
11:38 of 2nd period - Goal by Evgeny Svechnikov - ANAHEIM Ducks : 4 - WINNIPEG Jets : 3.
11:39 of 2nd period - Sam Bennett wins face-off versus Evan Rodrigues in neutral zone.
11:42 of 2nd period - Evan Rodrigues is hit by Dmitrij Jaskin and loses puck.
11:54 of 2nd period - Off-side.
11:55 of 2nd period - Dakota Joshua wins face-off versus Dawson Mercer in neutral zone.
12:02 of 2nd period - Dawson Mercer is hit by Fabian Zetterlund and loses puck.
12:11 of 2nd period - Noah Cates is hit by Jordan Oesterle and loses puck.
13:30 of 2nd period - Off-side.
13:31 of 2nd period - Anthony Cirelli wins face-off versus Evan Rodrigues in neutral zone.
13:46 of 2nd period - Shot by Anthony Cirelli.
13:46 of 2nd period - Shot Misses the Net.
13:52 of 2nd period - Shot by Anthony Cirelli.
13:52 of 2nd period - Shot Misses the Net.
13:54 of 2nd period - Shot by Alexei Toropchenko.
13:54 of 2nd period - Shot Misses the Net.
13:56 of 2nd period - Shot by Anthony Cirelli.
13:56 of 2nd period - Shot Misses the Net.
14:06 of 2nd period - Nick Perbix is hit by Evan Rodrigues and loses puck.
15:07 of 2nd period - Shot by Dmitrij Jaskin.
15:07 of 2nd period - Stopped by Robin Lehner without a rebound.
15:08 of 2nd period - Dawson Mercer wins face-off versus Elias Lindholm in ANAHEIM Ducks zone.
15:13 of 2nd period - Shot by Noah Cates.
15:13 of 2nd period - Shot Misses the Net.
15:15 of 2nd period - Shot by Andreas Athanasiou.
15:15 of 2nd period - Stopped by Robin Lehner without a rebound.
15:16 of 2nd period - Elias Lindholm wins face-off versus Dawson Mercer in ANAHEIM Ducks zone.
15:28 of 2nd period - Icing by Noah Cates.
15:29 of 2nd period - Noah Cates wins face-off versus Dakota Joshua in WINNIPEG Jets zone.
16:06 of 2nd period - Icing by Colton White.
16:07 of 2nd period - Elias Lindholm wins face-off versus Dawson Mercer in WINNIPEG Jets zone.
16:07 of 2nd period - Kiefer Sherwood is hit by Colton White and loses puck.
16:24 of 2nd period - Elias Lindholm is hit by Noah Cates and loses puck.
16:42 of 2nd period - Shot by Andrew Mangiapane.
16:42 of 2nd period - Stopped by Ukko-Pekka Luukkonen without a rebound.
16:43 of 2nd period - Evan Rodrigues wins face-off versus Logan Brown in WINNIPEG Jets zone.
17:00 of 2nd period - Shot by Alexis Lafreniere.
17:00 of 2nd period - Shot Blocked by Nick Perbix.
17:25 of 2nd period - Nick Perbix is hit by Evan Rodrigues and loses puck.
18:00 of 2nd period - Shot by Jake Evans.
18:00 of 2nd period - Stopped by Ukko-Pekka Luukkonen without a rebound.
18:01 of 2nd period - Elias Lindholm wins face-off versus Dawson Mercer in WINNIPEG Jets zone.
18:24 of 2nd period - Shot by Andreas Athanasiou.
18:24 of 2nd period - Shot Misses the Net.
18:52 of 2nd period - Icing by Nick Leddy.
18:53 of 2nd period - Dakota Joshua wins face-off versus Dawson Mercer in WINNIPEG Jets zone.
19:29 of 2nd period - Icing by Dmitrij Jaskin.
19:30 of 2nd period - Evan Rodrigues wins face-off versus Sam Bennett in WINNIPEG Jets zone.
Goals for this period are 3 for ANAHEIM Ducks vs 2 for WINNIPEG Jets.
Shots for this period are 11 for ANAHEIM Ducks vs 9 for WINNIPEG Jets.

3rd period


0:01 of 3rd period - Elias Lindholm wins face-off versus Sam Bennett in neutral zone.
0:09 of 3rd period - Icing by Nick Leddy.
0:10 of 3rd period - Evan Rodrigues wins face-off versus Sam Bennett in WINNIPEG Jets zone.
0:13 of 3rd period - Shot by Gemel Smith.
0:13 of 3rd period - Stopped by Ukko-Pekka Luukkonen without a rebound.
0:14 of 3rd period - Elias Lindholm wins face-off versus Sam Bennett in WINNIPEG Jets zone.
0:38 of 3rd period - Off-side.
0:39 of 3rd period - Evan Rodrigues wins face-off versus Eeli Tolvanen in neutral zone.
1:08 of 3rd period - Justin Holl is hit by Eeli Tolvanen and loses puck.
1:28 of 3rd period - Alexei Toropchenko is hit by Gustav Forsling and loses puck.
1:32 of 3rd period - Icing by Evan Rodrigues.
1:33 of 3rd period - Sam Bennett wins face-off versus Evan Rodrigues in ANAHEIM Ducks zone.
2:08 of 3rd period - Shot by Andrew Mangiapane.
2:08 of 3rd period - Goal by Andrew Mangiapane - ANAHEIM Ducks : 5 - WINNIPEG Jets : 3.
2:09 of 3rd period - Dawson Mercer wins face-off versus Jake Evans in neutral zone.
2:09 of 3rd period - Dawson Mercer is hit by Mathias Laferriere.
2:27 of 3rd period - Shot by Calvin Thurkauf.
2:27 of 3rd period - Shot Misses the Net.
2:30 of 3rd period - Icing by Dawson Mercer.
2:31 of 3rd period - Andrew Mangiapane wins face-off versus Dawson Mercer in WINNIPEG Jets zone.
3:38 of 3rd period - Nick Leddy is hit by Kiefer Sherwood and loses puck.
4:24 of 3rd period - Icing by Dakota Joshua.
4:25 of 3rd period - Anthony Cirelli wins face-off versus Dakota Joshua in ANAHEIM Ducks zone.
5:02 of 3rd period - Shot by Alexei Toropchenko.
5:02 of 3rd period - Shot Misses the Net.
5:04 of 3rd period - Shot by Nikita Zadorov.
5:04 of 3rd period - Stopped by Robin Lehner without a rebound.
5:05 of 3rd period - Logan Brown wins face-off versus Evan Rodrigues in ANAHEIM Ducks zone.
5:07 of 3rd period - Evgeny Svechnikov is hit by Justin Holl and loses puck.
5:40 of 3rd period - Shot by Gemel Smith.
5:40 of 3rd period - Stopped by Ukko-Pekka Luukkonen without a rebound.
5:41 of 3rd period - Dmitrij Jaskin wins face-off versus Elias Lindholm in WINNIPEG Jets zone.
5:52 of 3rd period - Off-side.
5:53 of 3rd period - Noah Cates wins face-off versus Jake Evans in neutral zone.
5:56 of 3rd period - Shot by Dawson Mercer.
5:56 of 3rd period - Stopped by Robin Lehner without a rebound.
5:57 of 3rd period - Sam Bennett wins face-off versus Elias Lindholm in ANAHEIM Ducks zone.
6:40 of 3rd period - Shot by Kevin Hayes.
6:40 of 3rd period - Shot Misses the Net.
7:42 of 3rd period - Shot by Noah Cates.
7:42 of 3rd period - Stopped by Robin Lehner without a rebound.
7:43 of 3rd period - Anthony Cirelli wins face-off versus Evan Rodrigues in ANAHEIM Ducks zone.
7:48 of 3rd period - Shot by Eeli Tolvanen.
7:48 of 3rd period - Stopped by Robin Lehner without a rebound.
7:49 of 3rd period - Calvin Thurkauf wins face-off versus Anthony Cirelli in ANAHEIM Ducks zone.
8:03 of 3rd period - Icing by Dylan Demelo.
8:04 of 3rd period - Jake Evans wins face-off versus Logan Brown in ANAHEIM Ducks zone.
8:04 of 3rd period - Jake Evans is hit by Logan Brown.
8:14 of 3rd period - Shot by Calvin Thurkauf.
8:14 of 3rd period - Stopped by Ukko-Pekka Luukkonen without a rebound.
8:15 of 3rd period - Sam Bennett wins face-off versus Elias Lindholm in WINNIPEG Jets zone.
8:24 of 3rd period - Minor Penalty to Sam Bennett for Delaying the game.
8:25 of 3rd period - Anthony Beauvillier wins face-off versus Dmitrij Jaskin in WINNIPEG Jets zone.
8:27 of 3rd period - Alexis Lafreniere is hit by Ethan Bear and loses puck.
8:36 of 3rd period - Shot by Gustav Forsling.
8:36 of 3rd period - Stopped by Ukko-Pekka Luukkonen without a rebound.
8:37 of 3rd period - Evan Rodrigues wins face-off versus Dmitrij Jaskin in WINNIPEG Jets zone.
9:12 of 3rd period - Shot by Kevin Hayes.
9:12 of 3rd period - Stopped by Robin Lehner without a rebound.
9:13 of 3rd period - Dmitrij Jaskin wins face-off versus Anthony Beauvillier in ANAHEIM Ducks zone.
9:17 of 3rd period - Icing by Justin Holl.
9:18 of 3rd period - Dmitrij Jaskin wins face-off versus Anthony Beauvillier in ANAHEIM Ducks zone.
9:21 of 3rd period - Shot by Mattias Janmark.
9:21 of 3rd period - Stopped by Robin Lehner with a rebound.
9:49 of 3rd period - Shot by Anthony Beauvillier.
9:49 of 3rd period - Shot Misses the Net.
9:51 of 3rd period - Shot by Alexis Lafreniere.
9:51 of 3rd period - Stopped by Ukko-Pekka Luukkonen without a rebound.
9:52 of 3rd period - Evan Rodrigues wins face-off versus Mattias Janmark in WINNIPEG Jets zone.
9:58 of 3rd period - Mattias Janmark is hit by Kiefer Sherwood and loses puck.
10:37 of 3rd period - Shot by Dawson Mercer.
10:37 of 3rd period - Shot Blocked by Jordan Oesterle.
10:59 of 3rd period - Mathias Laferriere is hit by Dawson Mercer and loses puck.
11:30 of 3rd period - Shot by Anthony Beauvillier.
11:30 of 3rd period - Shot Hit the Post.
11:32 of 3rd period - Shot by Anthony Beauvillier.
11:32 of 3rd period - Shot Misses the Net.
11:34 of 3rd period - Shot by Dakota Joshua.
11:34 of 3rd period - Deflect By Fabian Zetterlund.
11:34 of 3rd period - Stopped by Ukko-Pekka Luukkonen without a rebound.
11:35 of 3rd period - Logan Brown wins face-off versus Elias Lindholm in WINNIPEG Jets zone.
11:35 of 3rd period - Mattias Janmark is hit by Kiefer Sherwood.
11:36 of 3rd period - Minor Penalty to Kiefer Sherwood for High sticking.
11:37 of 3rd period - Sam Bennett wins face-off versus Gemel Smith in ANAHEIM Ducks zone.
13:29 of 3rd period - Shot by Ethan Bear.
13:29 of 3rd period - Stopped by Robin Lehner without a rebound.
13:30 of 3rd period - Dawson Mercer wins face-off versus Gemel Smith in ANAHEIM Ducks zone.
13:56 of 3rd period - Eeli Tolvanen is hit by Dylan Demelo.
14:16 of 3rd period - Shot by Andrew Mangiapane.
14:16 of 3rd period - Stopped by Ukko-Pekka Luukkonen without a rebound.
14:17 of 3rd period - Logan Brown wins face-off versus Jake Evans in WINNIPEG Jets zone.
14:34 of 3rd period - Shot by Nick Leddy.
14:34 of 3rd period - Shot Misses the Net.
14:36 of 3rd period - Shot by Nick Leddy.
14:36 of 3rd period - Shot Misses the Net.
14:42 of 3rd period - Shot by Evgeny Svechnikov.
14:42 of 3rd period - Shot Misses the Net.
15:25 of 3rd period - Minor Penalty to David Savard for Tripping.
15:26 of 3rd period - Gemel Smith wins face-off versus Dawson Mercer in ANAHEIM Ducks zone.
15:26 of 3rd period - Gemel Smith is hit by Evgeny Svechnikov.
15:52 of 3rd period - Shot by Nick Perbix.
15:52 of 3rd period - Shot Blocked by Caleb Jones.
15:54 of 3rd period - Shot by Nikita Zadorov.
15:54 of 3rd period - Stopped by Robin Lehner without a rebound.
15:55 of 3rd period - Sam Bennett wins face-off versus Gemel Smith in ANAHEIM Ducks zone.
17:02 of 3rd period - Shot by Evgeny Svechnikov.
17:02 of 3rd period - Shot Misses the Net.
17:06 of 3rd period - Shot by Andreas Athanasiou.
17:06 of 3rd period - Deflect By Dawson Mercer.
17:06 of 3rd period - Stopped by Robin Lehner without a rebound.
17:07 of 3rd period - Gemel Smith wins face-off versus Sam Bennett in ANAHEIM Ducks zone.
17:19 of 3rd period - Icing by Ethan Bear.
17:20 of 3rd period - Gemel Smith wins face-off versus Sam Bennett in WINNIPEG Jets zone.
17:30 of 3rd period - Off-side.
17:31 of 3rd period - Elias Lindholm wins face-off versus Dawson Mercer in neutral zone.
18:44 of 3rd period - Shot by Anthony Beauvillier.
18:44 of 3rd period - Deflect By Fabian Zetterlund.
18:44 of 3rd period - Shot Blocked by Colton White.
18:46 of 3rd period - Shot by Fabian Zetterlund.
18:46 of 3rd period - Shot Blocked by Colton White.
18:48 of 3rd period - Shot by Dakota Joshua.
18:48 of 3rd period - Shot Blocked by Jonas Siegenthaler.
18:50 of 3rd period - Shot by Fabian Zetterlund.
18:50 of 3rd period - Stopped by Ukko-Pekka Luukkonen without a rebound.
18:51 of 3rd period - Sam Bennett wins face-off versus Evan Rodrigues in WINNIPEG Jets zone.
19:53 of 3rd period - Nick Perbix is hit by Alexis Lafreniere and loses puck.
Goals for this period are 1 for ANAHEIM Ducks vs 0 for WINNIPEG Jets.
Shots for this period are 9 for ANAHEIM Ducks vs 9 for WINNIPEG Jets.